AoeStats
← Marin.

Arabia

504222493Analyzed
1v1 RM · 29d ago on Sep 4, 2026· 27m 45s· 2 players
Game mode
Random Map
Map size
Tiny (2 player)
Population
200
Speed
Normal
Resources
Standard
Victory
Conquest
Starting age
Dark Age
Ending age
Imperial Age
RankedLock teamsTeams togetherTeam positionsShared explorationLock speedFull tech treeHidden civsTurbo modeCheats
Victory
Defeat
🇦🇷 Slavs · Argentina
1044
+16
🇪🇸 Bohemians · Spain
1054
-16
BMW_2GC
7:11 Loom
9:59 Feudal Age
10:43 Horse Collar
20:06 Castle Age
18:07 Double-Bit Axe
18:26 Gold Mining
19:28 Bloodlines
21:34 Wheelbarrow
23:50 Scale Barding Armor
23:56 Forging
23:48 Husbandry
25:04 Sanctity
25:27 Chain Barding Armor
27:09 Iron Casting
Marin.
5:17 Loom
10:15 Feudal Age
12:14 Double-Bit Axe
12:43 Horse Collar
15:47 Town Watch
21:08 Castle Age
25:51 Squires
Connection lost

Rejoining the realm…

Still unreachable

The connection could not be restored.

Session expired

The server has moved on; the page needs a fresh start.